 Dungeon Crawl Stone Soup version 0.24.0-123-gd5b16e6ec5 (webtiles) character file.

Game seed: 8662981630865058246, levelgen mode: deterministic

523 Notrik the Skirmisher (level 7, -3/62 HPs)
             Began as a Minotaur Berserker on Feb 3, 2020.
             Was a Priest of Trog.
             Slain by a gnoll
             ... wielding a cursed +0 halberd
              (13 damage)
             ... on level 4 of the Dungeon.
             The game lasted 00:08:55 (3517 turns).

Notrik the Skirmisher (Minotaur Berserker)          Turns: 3517, Time: 00:08:56

Health: -3/62      AC:  9    Str: 24    XL:     7   Next: 2%
Magic:  6/6        EV: 10    Int:  4    God:    Trog [***...]
Gold:   163        SH:  0    Dex: 11    Spells: 6/6 levels left

rFire    . . .     SeeInvis .   a - +0 falchion
rCold    . . .     Gourm    .   (no shield)
rNeg     . . .     Faith    .   s - +0 chain mail
rPois    .         Spirit   .   (helmet restricted)
rElec    .         Reflect  .   (no cloak)
rCorr    .         Harm     .   (no gloves)
MR       ++...                  (no boots)
Stlth    ..........             (no amulet)
HPRegen  1.20/turn              (no ring)
MPRegen  0.10/turn              (no ring)

@: lethally poisoned (-3 -> -4), regenerating
A: retaliatory headbutt, horns 2, thin skeletal structure 1, blurry vision 1,
MP-powered wands
a: Berserk, Trog's Hand, Renounce Religion


You were on level 4 of the Dungeon.
You worshipped Trog.
Trog was most pleased with you.
You were not hungry.

You visited 1 branch of the dungeon, and saw 4 of its levels.

You collected 163 gold pieces.

Inventory:

Hand Weapons
 a - a +0 falchion (weapon)
Armour
 b - a +0 animal skin
 s - a +0 chain mail (worn)
   (You found it on level 3 of the Dungeon)
Jewellery
 m - an uncursed ring of magical power {unknown}
   (You found it on level 2 of the Dungeon)
Scrolls
 c - a scroll of remove curse {unknown}
 d - 2 scrolls of noise {unknown}
 g - 5 scrolls of identify {unknown}
 h - a scroll of immolation {unknown}
 l - a scroll of enchant weapon {unknown}
 n - a scroll of magic mapping {unknown}
 o - 2 scrolls of amnesia {unknown}
 q - a scroll of enchant armour {unknown}
Potions
 f - a potion of curing {@q1}
 i - a potion of mutation {!q}
 j - a potion of haste {unknown}
 k - 3 potions of cancellation {unknown}
 p - a potion of resistance {unknown}
 r - 2 potions of flight {unknown}
 t - 2 potions of invisibility {unknown}
Comestibles
 e - 10 rations {!d}


   Skills:
 + Level 5.7 Fighting
 + Level 5.7 Long Blades
 + Level 5.0 Armour
 + Level 4.5 Dodging


You had 6 spell levels left.
You didn't know any spells.
Your spell library was empty.

Dungeon Overview and Level Annotations

Branches:
Dungeon (4/15)             Temple (0/1) D:4

Altars:
Fedhas
Wu Jian


Innate Abilities, Weirdness & Mutations

You reflexively headbutt those who attack you in melee.
You have a pair of horns on your head.
You have a somewhat thin skeletal structure. (Dex +2, Stealth)
Scrolls take you a little longer to read.
You expend magic power (3 MP) to strengthen your wands.


Message History

Trog accepts your kill.
Your Armour skill increases to level 5!
You feel sick. The gnoll completely misses you.
You feel sick. The gnoll hits you but does no damage.
You are more poisoned.
You see here a gnoll corpse.
You barely miss the gnoll.
You feel sick.
The gnoll hits you with a +2 spear of venom.
You are more poisoned.
You hit the gnoll. You headbutt the gnoll!
You kill the gnoll!
Trog accepts your kill.
You have reached level 7!
You feel very sick.
You feel sick.
You feel sick.
You feel very sick.
You feel sick.
You feel sick.
Your skin crawls.
You feel resistant to hostile enchantments.
You feel somewhat more hungry.
You feel sick. The gnoll hits you with a +0 club.
* * * LOW HITPOINT WARNING * * *
You slash the gnoll! You headbutt the gnoll.
You kill the gnoll!
Trog accepts your kill.
You feel sick.
The gnoll hits you from afar with a cursed +0 halberd!
* * * LOW HITPOINT WARNING * * *
You feel sick.
Things that are here:
a +0 club; a gnoll corpse You hit the gnoll.
You feel sick.
The gnoll hits you with a cursed +0 halberd.
* * * LOW HITPOINT WARNING * * *
You hit the gnoll.
You feel sick. The gnoll barely misses you.
You riposte.
Your chain mail prevents you from hitting the gnoll.
You closely miss the gnoll. Your headbutt misses the gnoll.
You feel sick. The gnoll barely misses you.
You barely miss the gnoll. Your headbutt misses the gnoll.
You feel sick.
The gnoll hits you with a cursed +0 halberd.
* * * LOW HITPOINT WARNING * * *
You hit the gnoll but do no damage.
You feel sick. The gnoll hits you but does no damage.
Your chain mail prevents you from hitting the gnoll.
You headbutt the gnoll.
You feel sick.
You hit the gnoll.
You feel sick.
The gnoll hits you with a cursed +0 halberd!
You die...

##### #...# #...# #...#
#...###############
##########...##>............
#.....)†..g@..#.############
#.###########.#.# #........
#...........#.# #.#######
#.#......####.####.#
#.#................#
#.#......####.############
#.#......# #.............
#.#......####.############
#.............###.........


You could see a gnoll.

Vanquished Creatures
  Grinder (D:4)
  A phantom (D:4)
  A jelly (D:4)
  An orc wizard (D:4)
  A howler monkey skeleton (D:4)
  6 adders
  4 gnolls
  2 oozes (D:1)
  A worm (D:3)
  4 dart slugs
  2 leopard geckos
  4 orcs
  5 giant cockroaches
  4 goblins
  9 hobgoblins
  2 quokkas
  7 bats
  3 frilled lizards
  A jackal skeleton (D:4)
  8 kobolds
  A leopard gecko skeleton (D:4)
  6 rats
74 creatures vanquished.

Notes
Turn   | Place    | Note
-------+----------+-------------------------------------------
     0 | D:1      | Notrik the Minotaur Berserker began the quest for the Orb.
     0 | D:1      | Reached XP level 1. HP: 19/19 MP: 0/0
   414 | D:1      | Reached XP level 2. HP: 16/27 MP: 1/1
   740 | D:1      | Reached XP level 3. HP: 26/33 MP: 2/2
  1315 | D:2      | Gained mutation: You have a somewhat thin skeletal
                  | structure. (Dex +2, Stealth) [potion of mutation]
  1315 | D:2      | Gained mutation: Scrolls take you a little longer to read.
                  | [potion of mutation]
  1315 | D:2      | Gained mutation: You expend magic power (3 MP) to
                  | strengthen your wands. [potion of mutation]
  1611 | D:2      | Reached XP level 4. HP: 24/41 MP: 3/3
  1797 | D:2      | Reached ** piety under Trog
  1977 | D:2      | Found an ornate altar of the Wu Jian Council.
  2200 | D:3      | Found a blossoming altar of Fedhas.
  2753 | D:4      | Noticed Grinder
  2971 | D:4      | Reached XP level 5. HP: 47/47 MP: 4/4
  2976 | D:4      | Found a staircase to the Ecumenical Temple.
  3078 | D:4      | Noticed a phantom
  3085 | D:4      | Killed a phantom
  3085 | D:4      | Reached skill level 5 in Fighting
  3085 | D:4      | Reached skill level 5 in Long Blades
  3205 | D:4      | Reached *** piety under Trog
  3211 | D:4      | Reached XP level 6. HP: 53/56 MP: 5/5
  3276 | D:4      | Paralysed by Grinder for 3 turns
  3287 | D:4      | Killed Grinder
  3499 | D:4      | Reached skill level 5 in Armour
  3502 | D:4      | Reached XP level 7. HP: 45/62 MP: 6/6
  3517 | D:4      | Slain by a gnoll

Levels and vault maps discovered:
D:1:      grunt_arrival_lava_bath, layout_loops_ring, serial_forest,
          infiniplex_forest_lined_3_way, infiniplex_forest_end_3,
          infiniplex_forest_straight_1, infiniplex_forest_straight_3,
          infiniplex_forest_clump_tiny
D:2:      minmay_wonky_spiral, layout_rooms, lemuel_doored_altar, first_ration
D:3:      layout_basic, fedhas_altar_1
D:4:      layout_basic, temple_pool_b, minmay_circle_x, uniq_grinder, uniq_robin

Skill      XL: |  1  2  3  4  5  6 |
---------------+-------------------+-----
Fighting       | 4 5 |  5.7
Long Blades    | 4 5 |  5.7
Armour         | 3 4 5 |  5.0
Dodging        | 3 4 |  4.5

Action                   |  1- 3 |  4- 6 |  7- 9 || total
-------------------------+-------+-------+-------++-------
Melee: Falchion          |    64 |    91 |     8 ||   163
       Headbutt          |     9 |    23 |     2 ||    34
Invok: Berserk           |     1 |     1 |       ||     2
       Trog's Hand       |       |     1 |     1 ||     2
  Use: Potion            |     3 |       |       ||     3
 Stab: Sleeping          |     1 |     3 |       ||     4
  Eat: Chunk             |     3 |     4 |       ||     7
       Ration            |       |     1 |       ||     1
Armor: Animal skin       |     5 |       |       ||     5
       Chain mail        |       |    25 |     1 ||    26
Dodge: Dodged            |    34 |    51 |     2 ||    87
       Rpst.: Falchion   |     8 |    17 |     1 ||    26
